 Dungeon Crawl Stone Soup version 0.15.2 (webtiles) character file.

104458 magipi the Severer (level 15, -7/142 HPs)
             Began as a Deep Dwarf Gladiator on Apr 15, 2016.
             Was the Champion of Makhleb.
             Succumbed to poison (poison gas)
             ... on Level 3 of the Swamp.
             The game lasted 03:14:14 (20596 turns).

magipi the Severer (Deep Dwarf Gladiator)          Turns: 20596, Time: 03:14:14

HP  -7/142       AC 18     Str 23      XL: 15   Next: 91%
MP  19/19        EV 18     Int 12      God: Makhleb [******]
Gold 621         SH  0     Dex 18      Spells:  3 memorised, 18 levels left

rFire  + + .     SeeInvis .     a - +1 battleaxe (elec)
rCold  + . .     Clarity  .     t - +1 ring mail {rF+}
rNeg   + + .     rCorr    .     (no shield)
rPois  .         rRot     .     Y - +1 helmet
rElec  .         Spirit   .     s - +1 cloak
SustAb .         Warding  +     p - +1 pair of gloves {Str+3}
rMut   .         Stasis   .     W - +1 pair of boots
Gourm  .                        S - amulet "Bluoj" {Ward rF+ rN+ Dex+3 Stlth+}
MR     ++...                    k - ring of flight
                                c - ring of protection from cold

@: lethally poisoned, exhausted, non-regenerating, slowed, very slow, very
resistant to hostile enchantments, unstealthy
A: damage resistance, recharge devices, negative energy resistance 1, sense
surroundings 2, slow healing 3
a: Device Recharging, Minor Destruction, Lesser Servant of Makhleb, Major
Destruction, Greater Servant of Makhleb, Renounce Religion, Evoke Flight


You were on level 3 of the Swamp.
You worshipped Makhleb.
Makhleb was exalted by your worship.
You were not hungry.

You visited 6 branches of the dungeon, and saw 33 of its levels.
You also visited: Ossuary.

You collected 2979 gold pieces.
You spent 2358 gold pieces at shops.

Inventory:

Hand weapons
 a - a +1 battleaxe of electrocution (weapon)
 b - a +0 blowgun
 X - a +5 battleaxe of chopping
Missiles
 g - 69 poisoned needles
 o - 7 javelins (quivered)
 q - 2 curare-tipped needles
Armour
 p - a +1 pair of gloves of strength (worn)
 s - a +1 cloak (worn)
 t - a +1 ring mail of fire resistance (worn)
 B - a +0 hat of intelligence
 W - a +1 pair of boots (worn)
 Y - a +1 helmet (worn)
Magical devices
 e - a wand of heal wounds (5)
 l - a wand of lightning (1)
 r - a wand of digging (14)
 H - a wand of teleportation (2)
 J - a wand of polymorph (16)
 L - a wand of disintegration (9)
 U - a wand of cold (2)
 V - a wand of teleportation (4)
Comestibles
 v - 6 meat rations
 N - 8 bread rations
Scrolls
 d - 3 scrolls of identify
 h - 10 scrolls of teleportation
 u - a scroll of enchant armour
 E - 8 scrolls of remove curse
 M - a scroll of blinking
 O - 15 scrolls of magic mapping
 Q - 2 scrolls of fear
Jewellery
 c - a ring of protection from cold (left hand)
 f - an uncursed ring of protection from fire
 k - a ring of flight (right hand)
 n - an uncursed ring of positive energy
 x - an uncursed amulet of stasis
 C - an uncursed ring of ice
 S - the amulet "Bluoj" (around neck) {Ward rF+ rN+ Dex+3 Stlth+}
   (You found it on level 2 of the Swamp)

   [amulet of warding]

   It may prevent the melee attacks of summoned creatures.
   It affects your dexterity (+3).
   It protects you from fire.
   It protects you from negative energy.
   It makes you more stealthy.
Potions
 i - a potion of curing
 j - 3 potions of invisibility
 m - 7 potions of heal wounds
 w - 6 potions of haste
 z - 2 potions of berserk rage
 A - a potion of resistance
 D - 2 potions of agility
 F - 3 potions of might
 I - 3 potions of restore abilities
 K - a potion of cure mutation
 Z - a potion of lignification
Miscellaneous
 y - a phial of floods
 T - a lamp of fire
Rods
 G - a +0 rod of ignition (13/13)
   (You found it on level 2 of the Spider Nest)


   Skills:
 - Level 11.4 Fighting
 - Level 16.9 Axes
 + Level 5.3 Throwing
 - Level 11.8 Armour
 - Level 10.4 Dodging
 + Level 4.0 Spellcasting
 + Level 4.2 Summonings
 + Level 5.2 Translocations
 - Level 10.8 Invocations
 - Level 12.4 Evocations


You had 18 spell levels left.
You knew the following spells:

 Your Spells              Type           Power        Failure   Level  Hunger
a - Apportation           Tloc           ##........   2%          1    #......
b - Blink                 Tloc           N/A          4%          2    ##.....
c - Summon Butterflies    Summ           ##......     4%          1    #......


Dungeon Overview and Level Annotations

Branches:
Dungeon (15/15)            Temple (1/1) D:6             Orc (4/4) D:9
    Elf (0/3) Orc:3          Lair (8/8) D:9           Swamp (3/5) Lair:5
 Spider (2/5) Lair:3        Slime (0/6) Lair:7       Vaults (0/5) D:13
 Depths (0/5) D:15

Altars:
Ashenzari
Cheibriados
Dithmenos
Elyvilon
Fedhas
Kikubaaqudgha
Makhleb
Nemelex Xobeh
Okawaru
Qazlal
Sif Muna
Trog
Vehumet
Xom
Yredelemnul
Zin
The Shining One
Jiyva

Shops:
D:9 ?   Orc:4 *(:[

Annotations:
D:15 exclusion: ice statue, Roxanne
Lair:5 Nergalle


Innate Abilities, Weirdness & Mutations

You are resistant to damage.
You can recharge devices by infusing magical energy.
You resist negative energy.
You passively map the area around you.
You do not heal naturally.

Vault maps used:
D:1:      minmay_arrival_radiant_lines
D:2:      uniq_crazy_yiuf_cottage
D:3:      grunt_ministairs_15, kennysheep_doodads,
          nicolae_qazlal_eye_of_the_storm, uniq_sigmund, uniq_terence
D:4:      first_bread, minmay_misc_feat_chi, minmay_misc_feat_pillars,
          uniq_grinder, uniq_iyjb, uniq_natasha
D:5:      nicolae_overflow_hidden_temple, basic_altar
D:6:      lemuel_round_altar, minmay_temple_entry_purple_smoke, uniq_duvessa
D:7:      kennysheep_orc_sif_temple, the_bakery
D:8:      amethyst_overflow_temple_binary, nicolae_ossuary_entry_monument
D:9:      erik_orc_4, lair_0_dummy, serial_shops, nicolae_shop_behind_doors,
          uniq_blork_the_orc
D:11:     uniq_erolcha
D:13:     david_vaults_4, uniq_maurice
D:15:     grunt_enter_depths_magical_seal, fedhas_altar_1, minivault_16,
          spider_trap, uniq_urug, uniq_roxanne
Temple:   circular_temple_12
Orc:3:    nicolae_orc_pool_cavern
Orc:4:    basic_altar, grunt_orc_gardens, grunt_orc_garden, grunt_orc_garden,
          grunt_orc_garden, grunt_orc_garden
Lair:1:   special_room, fungi_pond_lemuel, guppyfry_lair_drakes,
          lemuel_fruit_fields
Lair:2:   minmay_lair_venomous_thicket, serial_bayou_shore_a,
          infiniplex_staircase_pool_2
Lair:3:   spider_nest_entry_webs, uniq_gastronok
Lair:4:   uniq_harold
Lair:5:   pond_and_an_island_with_a_cottage, minmay_swamp_entry_swarm,
          uniq_nergalle, uniq_maud, uniq_fannar, uniq_rupert
Lair:6:   kennysheep_abandoned_house, beast_lair_carwin_3
Lair:7:   slime_altar_1
Lair:8:   due_jungle_book, wad_woods_road_01
Swamp:1:  infiniplex_staircase_pool
Swamp:2:  evilmike_swamp_ruin_house_1, swamp_pool2,
          nicolae_swamp_feature_on_the_river_bank
Swamp:3:  hangedman_swamp_blocks
Spider:1: nicolae_trapdoor_corridor
Ossuary:  minmay_ossuary_gauntlet


Message History

You are lethally poisoned!
You feel extremely sick.
There is a stone staircase leading down, spattered with blood here.
You are engulfed in poison gas.
You are more poisoned.
You feel extremely sick.
You feel extremely sick.
You closely miss the swamp dragon.
You feel very sick. The swamp dragon bites you. The swamp dragon claws you.
The swamp dragon barely misses you.
Unknown command.
Drink which item? (? for menu, Esc to quit)
You feel better. The swamp dragon closely misses you.
The swamp dragon claws you but does no damage.
The swamp dragon barely misses you.
Unknown command.
Unknown command.
Drink which item? (? for menu, Esc to quit)
A red film seems to cover your vision as you go berserk!
You feel yourself moving faster!
You feel mighty!
The swamp dragon breathes poison at you.
The blast of poison hits you!
You are poisoned.
Your ring mail prevents you from hitting the swamp dragon.
You are engulfed in poison gas.
You are more poisoned.
You feel sick.
You slash the swamp dragon!
The swamp dragon is lightly wounded.
You are engulfed in poison gas.
You are more poisoned.
You feel sick. The swamp dragon bites you!
The swamp dragon claws you but does no damage.
The swamp dragon tramples you.
You stumble backwards!
You closely miss the swamp dragon.
The swamp dragon is lightly wounded.
You are engulfed in poison gas.
You are more poisoned.
You feel very sick.
Unknown command.
You completely miss the swamp dragon.
The swamp dragon is lightly wounded.
You are engulfed in poison gas.
You are more poisoned.
You feel very sick. The swamp dragon bites you!
* * * LOW HITPOINT WARNING * * *
The swamp dragon closely misses you. The swamp dragon barely misses you.
A four-headed hydra comes into view.
You barely miss the swamp dragon.
The swamp dragon is lightly wounded.
You are engulfed in poison gas.
You are more poisoned.
* * * LOW HITPOINT WARNING * * *
You feel very sick.
You slice the swamp dragon!!
The swamp dragon is heavily wounded.
You are engulfed in poison gas.
You are more poisoned.
* * * LOW HITPOINT WARNING * * *
* * * LOW HITPOINT WARNING * * *
You feel very sick. The swamp dragon completely misses you.
The swamp dragon claws you but does no damage.
The swamp dragon misses you.
You slice the swamp dragon!!
The swamp dragon is almost dead.
You are engulfed in poison gas.
You are more poisoned.
* * * LOW HITPOINT WARNING * * *
* * * LOW HITPOINT WARNING * * *
You feel very sick.
The swamp dragon breathes poison at you.
The blast of poison misses you.
You cut the swamp dragon into ribbons!!!
There is a sudden explosion of sparks!
You kill the swamp dragon!
Makhleb accepts your kill.
Your Spellcasting skill increases to level 4!
You are engulfed in poison gas.
You are more poisoned.
* * * LOW HITPOINT WARNING * * *
You feel very sick.
You are engulfed in poison gas.
You are more poisoned.
* * * LOW HITPOINT WARNING * * *
You feel extremely sick.
You see here a swamp dragon corpse.
You feel a strong urge to attack something.
You are no longer berserk.
You are exhausted.
You feel yourself slow down.
* * * LOW HITPOINT WARNING * * *
You feel very sick.
Drink which item? (? for menu, Esc to quit)
You feel much better.
* * * LOW HITPOINT WARNING * * *
You feel extremely sick.
* * * LOW HITPOINT WARNING * * *
You feel extremely sick.
There is a stone staircase leading down, spattered with blood here.
You die...

≈ ≈
.≈♣.≈≈≈≈.≈≈≈♣.≈≈..*
,
..§≈.≈≈≈≈.<.≈≈≈≈≈≈.
, , ,
≈..≈≈♣≈♣.≈♣♣.≈♣≈≈≈♣
* ≈, ≈..≈≈≈≈≈.♣♣
,≈≈≈≈ ≈, ≈,*,
♣♣♣≈.≈≈..♣ * ,≈≈≈≈
≈ * * ♣♣♣≈≈≈♣♣
,,≈≈≈ * ≈, ♣♣*
♣.≈.♣ . ≈
♣♣§♣♣♣.≈.♣ *
♣♣§≈.D.@%≈♣ *, * ,
, ♣≈.....≈≈.♣♣ , ≈
* ≈..≈≈≈≈≈.≈≈≈.♣ ,
≈ ..≈♣≈≈≈≈.≈≈..♣,
*, ≈
≈*..≈≈≈≈≈≈.≈≈≈.≈.,
* * , ,
.≈≈.≈≈.......≈., ,
*,≈..♣♣♣♣.♣≈≈.≈. *
** ≈.♣ ♣.♣.≈≈..., ,
* * ♣♣≈≈≈≈≈≈


You could see a four-headed hydra.

Table legend:
 A = Kills in this place as a percentage of kills in entire the game.
 B = Kills by you in this place as a percentage of kills by you in the entire game.
 C = Kills by friends in this place as a percentage of kills by friends in the entire game.
 D = Other kills in this place as a percentage of other kills in the entire game.
 E = Experience gained in this place as a percentage of experience gained in the entire game.
 F = Experience gained in this place divided by the number of levels of this place that you have seen.
                   A       B       C       D       E      F
               +-------+-------+-------+-------+-------+----------------------
         Total | 100.0 | 100.0 | 100.0 |  -nan | 100.0 | 4389.0
       Dungeon |  39.1 |  39.2 |  37.1 |  -nan |  29.5 | 2936.9
  Orcish Mines |  18.2 |  15.9 |  53.2 |  -nan |   6.6 | 2447.8
          Lair |  29.6 |  31.1 |   8.1 |  -nan |  40.5 | 7547.0
         Swamp |   6.2 |   6.5 |   1.6 |  -nan |  14.0 | 6980.0
   Spider Nest |   5.2 |   5.6 |   0.0 |  -nan |   9.3 | 6919.5
       Ossuary |   1.6 |   1.7 |   0.0 |  -nan |   0.2 | 226.0
               +-------+-------+-------+-------+-------+----------------------

Vanquished Creatures
  Rupert (Lair:5)
  An orc warlord (Orc:4)
  Gastronok (Lair:3)
  6 dire elephants (Lair:8)
  Fannar (Lair:5)
  Harold (Lair:4)
  3 hydras
  2 shambling mangroves (Swamp:2)
  4 centaur warriors
  An anaconda (Lair:8)
  2 death yaks (Lair:8)
  2 alligators
  An ogre mage (D:15)
  Urug (D:15)
  A catoblepas (Lair:8)
  3 orb spiders (Spider:1)
  4 swamp dragons
  2 orc knights (Orc:4)
  3 orc sorcerers
  2 red wasps (Swamp:2)
  An unseen horror (D:15)
  A cyclops (D:14)
  5 hill giants
  A deep elf conjurer (D:15)
  A necromancer (Lair:5)
  3 griffons
  3 wolf spiders (Spider:1)
  2 ugly things (D:14)
  14 elephants
  Maurice (D:13)
  A manticore (D:14)
  An item mimic (Swamp:1)
  6 black mambas
  A gargoyle (D:11)
  2 torpor snails
  A naga mage (D:15)
  13 spiny frogs
  A centaur skeleton (D:14)
  2 demonic crawlers (Spider:1)
  4 yaktaurs (D:15)
  2 fire drakes
  9 komodo dragons
  2 tengu conjurers (D:14)
  9 trolls
  Grinder (D:4)
  3 giant leeches (Swamp:1)
  A polar bear (Lair:6)
  3 two-headed ogres (D:15)
  16 blink frogs
  5 jumping spiders
  A freezing wraith (D:14)
  2 boulder beetles
  A hydra skeleton (D:15)
  14 slime creatures
  3 bog bodies
  A basilisk (Lair:8)
  A spriggan (D:7)
  7 ravens
  A raven (shapeshifter) (D:13)
  A wraith (D:15)
  16 redbacks
  2 shadows
  10 trapdoor spiders
  4 tarantellas
  31 yaks
  2 wyverns
  3 deep elf magi
  9 hippogriffs
  17 wolves
  18 vampire mosquitoes
  A soldier ant (D:11)
  A human zombie (D:15)
  3 wargs
  12 swamp worms
  3 hungry ghosts
  An ogre zombie (D:15)
  2 mottled dragons
  10 water moccasins
  10 spiders
  2 sky beasts
  An elephant zombie (Lair:5)
  An ice beast (Lair:5)
  7 porcupines
  A necrophage (D:9)
  4 phantoms
  19 orc warriors
  2 yellow wasps
  12 ogres
  A boring beetle (Lair:6)
  15 crocodiles
  A tengu (shapeshifter) (D:13)
  A brain worm (D:13)
  Sigmund (D:3)
  Duvessa (D:6)
  19 centaurs
  A fire crab zombie (D:14)
  18 giant frogs
  A big kobold (D:13)
  An elf zombie (Ossuary)
  Blork the orc (D:9)
  A cyclops zombie (D:12)
  A gnoll sergeant (D:9)
  A wyvern skeleton (D:14)
  2 cyclops skeletons
  A jelly (D:9)
  An eye of draining (shapeshifter) (D:13)
  5 wights (D:13)
  3 scorpions
  An eye of draining (D:15)
  3 electric eels (Lair:5)
  Dowan (D:6)
  2 centaur zombies
  10 crimson imps
  A kobold zombie (D:12)
  A giant frog skeleton (D:11)
  Crazy Yiuf (D:2)
  2 quasits
  7 hounds
  19 orc priests
  2 orange rats (Lair:6)
  21 orc wizards
  Natasha (thrice) (D:4)
  7 iguanas
  26 sheep
  6 worker ants
  3 big kobold zombies (Ossuary)
  Ijyb (D:4)
  A sky beast zombie (D:6)
  An ogre skeleton (D:9)
  Terence (D:3)
  2 mummies (Ossuary)
  A hound skeleton (D:11)
  11 gnolls
  14 adders
  2 shadow imps
  46 green rats
  A giant mite (Lair:2)
  2 worms (D:2)
  8 ufetubi (Orc:2)
  An adder skeleton (D:9)
  An adder zombie (D:5)
  An iguana zombie (D:6)
  3 giant geckos
  An ooze (D:5)
  129 orcs
  2 ball pythons
  3 bat zombies
  7 giant cockroaches
  21 goblins
  15 hobgoblins
  17 jackals
  12 kobolds
  7 quokkas
  7 bats
  A giant gecko skeleton (D:9)
  4 giant newts
  3 giant spores
  4 gnoll zombies (Ossuary)
  4 goblin zombies (Ossuary)
  A hobgoblin skeleton (D:7)
  2 hobgoblin zombies (Ossuary)
  A kobold skeleton (D:4)
  An orc zombie (D:6)
  A quokka zombie (D:6)
  17 rats
  2 ballistomycetes
  4 fungi
  7 plants
955 creatures vanquished.

Vanquished Creatures (collateral kills)
  Maud (Lair:5)
  A centaur warrior (D:15)
  An ogre mage (D:15)
  2 orc high priests (Orc:4)
  Erolcha (D:11)
  A swamp dragon (Swamp:1)
  2 hill giants
  3 orc knights
  3 ugly things (D:14)
  A cyclops (D:14)
  3 orc sorcerers
  2 yaks (D:14)
  A shadow (D:14)
  A wyvern (D:10)
  An elf zombie (D:14)
  A hill giant skeleton (D:14)
  11 orc warriors
  An elephant zombie (Lair:5)
  4 ogres (D:15)
  3 centaurs (D:15)
  An orc priest (Orc:3)
  A basilisk zombie (Lair:5)
  A black bear zombie (D:10)
  An orc wizard (Orc:4)
  2 crocodile zombies (Lair:5)
  2 ufetubi (Orc:2)
  9 orcs
  A hobgoblin (Orc:2)
  2 goblins
64 creatures vanquished.

Vanquished Creatures (others)
  An Executioner (D:15)
  A cacodemon (Lair:5)
  2 blizzard demons (Orc:4)
  4 smoke demons
  2 orange demons
  2 hellwings
  A ynoxinul (Orc:3)
  6 neqoxecs
  A quasit (Lair:8)
  A crimson imp (Orc:3)
  2 shadow imps (Lair:8)
  2 white imps (Orc:4)
  5 ufetubi
  A quokka (Lair:1)
  3 fungi (Lair:8)
  4 plants
38 creatures vanquished.

Grand Total: 1057 creatures vanquished

Notes
Turn   | Place    | Note
--------------------------------------------------------------
     0 | D:1      | magipi, the Deep Dwarf Gladiator, began the quest for the Orb.
     0 | D:1      | Reached XP level 1. HP: 19/19 MP: 1/1
   207 | D:1      | Reached skill level 4 in Axes
   207 | D:1      | Reached XP level 2. HP: 26/26 MP: 2/2
   540 | D:2      | Reached XP level 3. HP: 29/32 MP: 3/3
   667 | D:2      | Noticed Crazy Yiuf
   678 | D:2      | Killed Crazy Yiuf
   678 | D:2      | Reached skill level 5 in Axes
   678 | D:2      | Reached XP level 4. HP: 23/39 MP: 4/4
   869 | D:3      | Noticed Sigmund
   984 | D:3      | Reached skill level 6 in Axes
   997 | D:3      | Reached XP level 5. HP: 32/45 MP: 5/5
  1247 | D:3      | Killed Sigmund
  1247 | D:3      | Reached skill level 7 in Axes
  1297 | D:3      | Noticed Terence
  1325 | D:3      | Killed Terence
  1460 | D:4      | Reached XP level 6. HP: 34/52 MP: 6/6
  1605 | D:4      | Noticed Grinder
  1623 | D:4      | Killed Grinder
  1623 | D:4      | Reached skill level 9 in Axes
  1623 | D:4      | Reached XP level 7. HP: 35/58 MP: 7/7
  1650 | D:4      | Noticed Natasha
  1655 | D:4      | Killed Natasha
  1663 | D:4      | Noticed Natasha
  1667 | D:4      | Killed Natasha
  1818 | D:4      | Noticed Natasha
  1826 | D:4      | Killed Natasha
  1833 | D:4      | Noticed Ijyb
  1866 | D:4      | Killed Ijyb
  1976 | D:5      | Entered Level 5 of the Dungeon
  2025 | D:5      | Identified a scroll of acquirement
  2274 | D:5      | Reached XP level 8. HP: 52/72 MP: 8/8
  2350 | D:5      | Found a deep blue altar of Sif Muna.
  2352 | D:5      | Found a radiant altar of Vehumet.
  2451 | D:5      | Found a glowing silver altar of Zin.
  2510 | D:5      | Reached skill level 10 in Axes
  2811 | D:6      | Found a blossoming altar of Fedhas.
  2873 | D:6      | Noticed Duvessa
  2873 | D:6      | Noticed Dowan
  2916 | D:6      | Killed Duvessa
  3025 | D:6      | Found a staircase to the Ecumenical Temple.
  3035 | Temple   | Entered the Ecumenical Temple
  3061 | Temple   | Became a worshipper of Makhleb the Destroyer
  3198 | D:6      | Killed Dowan
  3218 | D:6      | Reached skill level 5 in Fighting
  3627 | D:7      | Reached skill level 11 in Axes
  3784 | D:8      | Acquired Makhleb's first power
  3791 | D:8      | Found a sand-covered staircase.
  3801 | Ossuary  | Entered an ossuary
  3858 | Ossuary  | Reached skill level 1 in Evocations
  3868 | Ossuary  | Reached skill level 1 in Armour
  3868 | Ossuary  | Gained mutation: You passively map the area around you. [level up]
  3868 | Ossuary  | Reached XP level 9. HP: 82/82 MP: 10/12
  4158 | D:8      | Found a glowing silver altar of Zin.
  4163 | D:8      | Found a white marble altar of Elyvilon.
  4582 | D:7      | Reached skill level 5 in Evocations
  4686 | D:7      | Acquired Makhleb's second power
  4715 | D:7      | Found a deep blue altar of Sif Muna.
  4837 | D:7      | Reached skill level 5 in Armour
  5218 | D:9      | Found Xabin's Magic Scroll Emporium.
  5224 | D:9      | Bought a scroll of blinking for 97 gold pieces
  5224 | D:9      | Bought a scroll of identify for 26 gold pieces
  5224 | D:9      | Bought a scroll of recharging for 123 gold pieces
  5224 | D:9      | Bought a scroll of holy word for 97 gold pieces
  5224 | D:9      | Bought a scroll of magic mapping for 45 gold pieces
  5349 | D:9      | Acquired Makhleb's third power
  5439 | D:9      | Reached XP level 10. HP: 91/91 MP: 20/20
  5525 | D:9      | Noticed Blork the orc
  5530 | D:9      | Killed Blork the orc
  5613 | D:9      | Found a staircase to the Orcish Mines.
  5635 | D:9      | Found a staircase to the Lair.
  5661 | D:9      | Reached skill level 1 in Invocations
  5938 | Orc:1    | Entered Level 1 of the Orcish Mines
  5972 | Orc:1    | Acquired Makhleb's fourth power
  6170 | Orc:1    | Reached skill level 10 in Evocations
  6424 | D:9      | Bought a scroll of remove curse for 39 gold pieces
  6424 | D:9      | Bought a scroll of remove curse for 39 gold pieces
  6424 | D:9      | Bought a scroll of remove curse for 39 gold pieces
  6483 | Orc:1    | Acquired Makhleb's fifth power
  6530 | Orc:2    | Noticed an orc knight
  6547 | Orc:2    | Reached skill level 5 in Invocations
  6686 | Orc:3    | Found a staircase to the Elven Halls.
  6829 | Orc:3    | Noticed an orc sorcerer
  6888 | Orc:2    | Killed an orc knight
  6954 | Orc:3    | Killed an orc sorcerer
  6981 | Orc:3    | Noticed an orc knight
  7287 | Orc:3    | Killed an orc knight
  7287 | Orc:3    | Reached skill level 12 in Evocations
  7426 | Orc:4    | Entered Level 4 of the Orcish Mines
  7447 | Orc:4    | Noticed an orc knight
  7449 | Orc:4    | Noticed an orc high priest
  7457 | Orc:4    | Killed an orc knight
  7459 | Orc:4    | Killed an orc high priest
  7459 | Orc:4    | Reached XP level 11. HP: 74/97 MP: 21/21
  7465 | Orc:4    | Found Kierierch's Book Shop.
  7565 | Orc:4    | Found a radiant altar of Vehumet.
  7631 | Orc:4    | Noticed an orc high priest
  7632 | Orc:4    | Noticed an orc knight
  7633 | Orc:4    | Noticed an orc knight
  7633 | Orc:4    | Noticed an orc warlord
  7636 | Orc:4    | Killed an orc high priest
  7644 | Orc:4    | Noticed an orc sorcerer
  7644 | Orc:4    | Noticed an orc sorcerer
  7675 | Orc:4    | Found Haisaow's Antique Armour Shoppe.
  7690 | Orc:4    | Killed an orc sorcerer
  7717 | Orc:4    | Bought a shiny plate armour for 575 gold pieces
  7774 | Orc:4    | Killed an orc knight
  7819 | Orc:4    | Killed an orc knight
  7958 | Orc:4    | Killed an orc warlord
  8030 | Orc:4    | Noticed an ice devil
  8040 | Orc:4    | Killed an orc sorcerer
  8097 | Orc:4    | Noticed an orc sorcerer
  8144 | Orc:4    | Killed an orc sorcerer
  8151 | Orc:4    | Reached skill level 10 in Invocations
  8192 | Orc:4    | Found Ifiusih's Antique Weapon Shop.
  8270 | Orc:4    | Noticed an orc sorcerer
  8325 | Orc:4    | Found Tuhasoh's General Store.
  8334 | Orc:4    | Bought a scroll of remove curse for 36 gold pieces
  8334 | Orc:4    | Bought a scroll of remove curse for 36 gold pieces
  8334 | Orc:4    | Bought a scroll of remove curse for 36 gold pieces
  8334 | Orc:4    | Bought a scroll of fear for 42 gold pieces
  8358 | Orc:4    | Bought a glowing battleaxe for 214 gold pieces
  8358 | Orc:4    | Bought a runed battleaxe for 214 gold pieces
  8470 | D:10     | Entered Level 10 of the Dungeon
  8831 | D:10     | Noticed a hill giant
  8841 | D:10     | Killed a hill giant
  9247 | D:11     | Noticed Erolcha
 10572 | D:13     | Reached XP level 12. HP: 103/112 MP: 19/19
 10636 | D:13     | Noticed a centaur warrior
 10647 | D:13     | Killed a centaur warrior
 10675 | D:13     | Noticed a hill giant
 10694 | D:13     | Killed a hill giant
 10811 | D:13     | Noticed a hill giant
 10811 | D:13     | Noticed a vault guard
 10811 | D:13     | Noticed an iron troll
 10849 | D:13     | Noticed a centaur warrior
 11022 | D:13     | Noticed Maurice
 11029 | D:13     | Killed Maurice
 11073 | D:13     | Killed a centaur warrior
 11313 | Lair:1   | Entered Level 1 of the Lair of Beasts
 11317 | Lair:1   | Reached skill level 13 in Axes
 11479 | Lair:1   | Noticed a seven-headed hydra
 11549 | Lair:2   | Reached skill level 10 in Fighting
 11649 | Lair:2   | Noticed a four-headed hydra
 11784 | Lair:3   | Noticed Gastronok
 11889 | Lair:3   | Found a hole to the Spider Nest.
 11911 | Lair:3   | Killed Gastronok
 12501 | Lair:4   | Noticed a five-headed hydra
 12506 | Lair:4   | Killed a five-headed hydra
 12506 | Lair:4   | Reached skill level 14 in Axes
 12506 | Lair:4   | Reached XP level 13. HP: 124/127 MP: 20/20
 12620 | Lair:4   | Noticed Harold
 12640 | Lair:4   | Killed Harold
 12802 | Lair:4   | Noticed a four-headed hydra
 12815 | Lair:4   | Killed a four-headed hydra
 13072 | Lair:5   | Noticed Nergalle
 13288 | Lair:6   | Reached skill level 5 in Dodging
 13622 | Lair:7   | Found a viscous altar of Jiyva.
 13622 | Lair:7   | Found a staircase to the Slime Pits.
 13655 | Lair:7   | Reached skill level 15 in Axes
 13798 | Lair:8   | Entered Level 8 of the Lair of Beasts
 14246 | Lair:8   | Gained mutation: You resist negative energy. [level up]
 14246 | Lair:8   | Reached XP level 14. HP: 135/135 MP: 20/20
 14774 | Lair:8   | Reached skill level 10 in Armour
 15013 | Lair:8   | Got a dazzling cloak
 15041 | Lair:7   | Identified the cursed -3 cloak "Wiplavat" {Str-1} (You found it on level 8 of the Lair of Beasts)
 15479 | Lair:5   | Noticed Fannar
 15494 | Lair:5   | Killed Fannar
 15494 | Lair:5   | Reached skill level 16 in Axes
 15583 | Lair:5   | Noticed Rupert
 15600 | Lair:5   | Killed Rupert
 15622 | Lair:5   | Noticed Maud
 15638 | Lair:5   | Killed Maud
 15766 | Lair:5   | Found a staircase to the Swamp.
 16510 | D:11     | Noticed a hill giant
 16511 | D:11     | Killed Erolcha
 16514 | D:11     | Killed a hill giant
 16601 | D:13     | Killed a hill giant
 16646 | D:13     | Found a gate to the Vaults.
 17302 | D:15     | Entered Level 15 of the Dungeon
 17358 | D:15     | Noticed Urug
 17373 | D:15     | Killed Urug
 17495 | D:15     | Found a blossoming altar of Fedhas.
 17502 | D:15     | Noticed Roxanne
 17531 | D:15     | Reached skill level 10 in Dodging
 17579 | D:15     | Reached XP level 15. HP: 116/142 MP: 19/19
 17904 | D:15     | Found a staircase to the Depths.
 18473 | Orc:4    | Bought a book of Party Tricks for 700 gold pieces
 18476 | Orc:4    | Learned a level 1 spell: Apportation
 18479 | Orc:4    | Learned a level 2 spell: Blink
 18481 | Orc:4    | Learned a level 1 spell: Summon Butterflies
 18675 | Spider:1 | Entered Level 1 of the Spider Nest
 18712 | Spider:1 | Reached skill level 1 in Translocations
 18751 | Spider:1 | Reached skill level 1 in Summonings
 18764 | Spider:1 | Reached skill level 1 in Spellcasting
 19309 | Spider:2 | Identified a +0 rod of ignition (13/13) (You found it on level 2 of the Spider Nest)
 19520 | Swamp:1  | Entered Level 1 of the Swamp
 19680 | Swamp:2  | Got a brightly glowing emerald amulet
 19681 | Swamp:2  | Identified the amulet "Bluoj" {Ward rF+ rN+ Dex+3 Stlth+} (You found it on level 2 of the Swamp)
 20245 | Swamp:2  | Reached skill level 5 in Throwing
 20450 | Swamp:2  | Paralysed by a red wasp for 3 turns
 20551 | Swamp:3  | Reached skill level 5 in Translocations
 20593 | Swamp:3  | HP: 6/142 [poison (poison gas)]
 20596 | Swamp:3  | Succumbed to poison (poison gas)

Action                   |  1- 3 |  4- 6 |  7- 9 | 10-12 | 13-15 || total
-------------------------+-------+-------+-------+-------+-------++-------
Melee: War axe           |    62 |   161 |   511 |    61 |       ||   795
       Broad axe         |       |       |    63 |   406 |       ||   469
       Hand axe          |       |       |       |     2 |       ||     2
       Battleaxe         |       |       |       |   449 |  1356 ||  1805
 Fire: Blowgun           |       |       |       |    19 |    40 ||    59
Throw: Throwing net      |     2 |     3 |     3 |     1 |       ||     9
       Tomahawk          |       |       |       |     6 |    14 ||    20
       Javelin           |       |       |       |       |     7 ||     7
Invok: Lesser Servant of |       |       |       |    16 |     7 ||    23
       Greater Servant o |       |       |       |     4 |     5 ||     9
 Abil: Device Recharging |       |       |     1 |     7 |     3 ||    11
Evoke: Wand              |     1 |     2 |    14 |    41 |    39 ||    97
  Use: Scroll            |       |     8 |    20 |    24 |    16 ||    68
       Potion            |       |       |       |     2 |    11 ||    13
 Stab: Held in net/web   |       |       |     3 |     1 |       ||     4
       Distracted        |       |       |       |     1 |     2 ||     3
  Eat: Chunk             |       |     1 |     9 |       |     1 ||    11
       Beef jerky        |       |     1 |     2 |     2 |     3 ||     8
       Bread ration      |       |       |     1 |     3 |     2 ||     6
       Meat ration       |       |       |       |     2 |     2 ||     4
       Pizza             |       |       |       |       |     2 ||     2
       Royal jelly       |       |       |       |       |     1 ||     1

Action                   |  1- 3 |  4- 6 |  7- 9 | 10-12 | 13-15 || total
-------------------------+-------+-------+-------+-------+-------++-------
Melee: War axe           |    62 |   161 |   511 |    61 |       ||   795
       Broad axe         |       |       |    63 |   406 |       ||   469
       Hand axe          |       |       |       |     2 |       ||     2
       Battleaxe         |       |       |       |   449 |  1356 ||  1805
 Fire: Blowgun           |       |       |       |    19 |    40 ||    59
Throw: Throwing net      |     2 |     3 |     3 |     1 |       ||     9
       Tomahawk          |       |       |       |     6 |    14 ||    20
       Javelin           |       |       |       |       |     7 ||     7
Invok: Lesser Servant of |       |       |       |    16 |     7 ||    23
       Greater Servant o |       |       |       |     4 |     5 ||     9
 Abil: Device Recharging |       |       |     1 |     7 |     3 ||    11
Evoke: Wand              |     1 |     2 |    14 |    41 |    39 ||    97
  Use: Scroll            |       |     8 |    20 |    24 |    16 ||    68
       Potion            |       |       |       |     2 |    11 ||    13
 Stab: Held in net/web   |       |       |     3 |     1 |       ||     4
       Distracted        |       |       |       |     1 |     2 ||     3
  Eat: Chunk             |       |     1 |     9 |       |     1 ||    11
       Beef jerky        |       |     1 |     2 |     2 |     3 ||     8
       Bread ration      |       |       |     1 |     3 |     2 ||     6
       Meat ration       |       |       |       |     2 |     2 ||     4
       Pizza             |       |       |       |       |     2 ||     2
       Royal jelly       |       |       |       |       |     1 ||     1

Action                   |  1- 3 |  4- 6 |  7- 9 | 10-12 | 13-15 || total
-------------------------+-------+-------+-------+-------+-------++-------
Melee: War axe           |    62 |   161 |   511 |    61 |       ||   795
       Broad axe         |       |       |    63 |   406 |       ||   469
       Hand axe          |       |       |       |     2 |       ||     2
       Battleaxe         |       |       |       |   449 |  1356 ||  1805
 Fire: Blowgun           |       |       |       |    19 |    40 ||    59
Throw: Throwing net      |     2 |     3 |     3 |     1 |       ||     9
       Tomahawk          |       |       |       |     6 |    14 ||    20
       Javelin           |       |       |       |       |     7 ||     7
Invok: Lesser Servant of |       |       |       |    16 |     7 ||    23
       Greater Servant o |       |       |       |     4 |     5 ||     9
 Abil: Device Recharging |       |       |     1 |     7 |     3 ||    11
Evoke: Wand              |     1 |     2 |    14 |    41 |    39 ||    97
  Use: Scroll            |       |     8 |    20 |    24 |    16 ||    68
       Potion            |       |       |       |     2 |    11 ||    13
 Stab: Held in net/web   |       |       |     3 |     1 |       ||     4
       Distracted        |       |       |       |     1 |     2 ||     3
  Eat: Chunk             |       |     1 |     9 |       |     1 ||    11
       Beef jerky        |       |     1 |     2 |     2 |     3 ||     8
       Bread ration      |       |       |     1 |     3 |     2 ||     6
       Meat ration       |       |       |       |     2 |     2 ||     4
       Pizza             |       |       |       |       |     2 ||     2
       Royal jelly       |       |       |       |       |     1 ||     1
